 Dungeon Crawl Stone Soup version 0.28.0 (webtiles) character file.

Game seed: 7468147394550119778

15164 inmateoo the Protected (level 12, 0/91 (94) HPs)
             Began as a Formicid Fighter on Feb 15, 2022.
             Was an Initiate of Gozag.
             Slain by a hellephant (2 damage)
             ... on level 3 of the Abyss.
             The game lasted 00:15:02 (12235 turns).

inmateoo the Protected (Formicid Fighter)          Turns: 12235, Time: 00:15:03

HP:   0/91 (94)     AC: 19    Str: 25    XL:     12   Next: 54%
MP:   12/12         EV: 11    Int:  9    God:    Gozag
Gold: 1988          SH:  6    Dex: 16    Spells: 11/11 levels left

rFire   + + .      SeeInvis +   I - +3 great sword of Hityf {speed, Dex+6}
rCold   . . .      Faith    .   c - +0 buckler
rNeg    . . .      Spirit   .   q - +3 chain mail {rF+}
rPois   .          Reflect  .   (helmet unavailable)
rElec   .          Harm     .   u - +0 cloak
rCorr   .          Rampage  .   v - +0 pair of gloves
Will    +....                   h - +0 pair of boots
Stlth   ..........              w - amulet of the acrobat
HPRegen 0.25/turn               K - ring of protection from fire
MPRegen 0.13/turn               y - ring of flight

@: mighty, flying, studying Armour, lightly drained, invisible
A: permanent stasis, dig shafts and tunnels, antennae 3, four strong arms
a: Dig, Shaft Self, Renounce Religion, Potion Petition, Call Merchant, Bribe
Branch


You were on level 3 of the Abyss.
You worshipped Gozag.
Gozag was most pleased with you.
You visited 2 branches of the dungeon, and saw 12 of its levels.
You visited the Abyss 1 time.
You also visited: Ossuary and Bailey.

You collected 2083 gold pieces.
You paid 95 gold pieces to Gozag.

Inventory:

Hand Weapons
 a - a +0 war axe
 f - a +0 glaive
 j - a +1 demon blade of draining
 l - a +2 long sword of holy wrath
 I - the +3 great sword of Hityf (weapon) {speed, Dex+6}
   (You found it on level 8 of the Dungeon)

   Attacks with this weapon are significantly faster.
   Dex:       It affects your dexterity (+6).
 P - a +2 hand axe of electrocution
Missiles
 t - 37 poisoned darts
 x - 2 curare-tipped darts (quivered)
Armour
 c - a +0 buckler (worn)
 h - a +0 pair of boots (worn)
 q - a +3 chain mail of fire resistance (worn)
 u - a +0 cloak (worn)
 v - a +0 pair of gloves (worn)
 G - a +0 troll leather armour {Pargi}
Jewellery
 e - a ring of magical power
 w - an amulet of the acrobat (around neck)
 y - a ring of flight (right hand)
 E - a ring of resist corrosion
 K - a ring of protection from fire (left hand)
Wands
 n - a wand of flame (14)
 H - a wand of acid (1)
 M - a wand of mindburst (5)
 O - a wand of iceblast (2)
Scrolls
 i - a scroll of amnesia
 k - a scroll of fog
 m - 5 scrolls of vulnerability
 r - 3 scrolls of magic mapping
 F - 4 scrolls of holy word
 J - a scroll of silence {unknown}
Potions
 b - 4 potions of heal wounds
 d - 3 potions of might
 o - 10 potions of curing
 p - 3 potions of cancellation
 z - 2 potions of brilliance
 A - a potion of resistance
 B - 4 potions of magic {unknown}
 C - a potion of mutation {unknown}
 D - 3 potions of lignification
 N - a potion of flight


   Skills:
 + Level 8.5 Fighting
 * Level 10.0 Long Blades
 - Level 10.0 Axes
 + Level 10.6 Armour
 + Level 6.1 Dodging
 + Level 9.1 Shields


You had 11 spell levels left.
You didn't know any spells.
Your spell library contained the following spells:

 Spells                   Type           Power      Damage    Failure   Level
 Dazzling Flash           Conj/Hex       0%         N/A       100%        3
 Iskenderun's Mystic Bla  Conj/Tloc      0%         2d3       100%        4
 Olgreb's Toxic Radiance  Pois           0%         N/A       100%        4
 Agony                    Necr           0%         N/A       100%        5
 Silence                  Hex/Air        0%         N/A       100%        5
 Starburst                Conj/Fire      0%         6d3       100%        6
 Ozocubu's Refrigeration  Ice            0%         4d5       100%        7
 Ignition                 Fire           0%         3d3       100%        8


Dungeon Overview and Level Annotations

Branches:
Dungeon (11/15)            Temple (1/1) D:6            Lair (0/6) D:11
Ossuary (visited)          Bailey (visited)
    Orc: D:9-12

Altars:
Ashenzari
Cheibriados
Dithmenos
Elyvilon
Fedhas
Gozag
Hepliaklqana
Kikubaaqudgha
Okawaru
Qazlal
Ru
Sif Muna
Trog
Uskayaw
Vehumet
Wu Jian
Xom
Yredelemnul
Zin

Shops:
D:1 :   D:5 (


Innate Abilities, Weirdness & Mutations

You cannot be hasted, slowed, berserked, paralysed or teleported.
You can dig through walls and to a lower floor.
You have a pair of large antennae on your head. (SInv)
Your four strong arms can wield two-handed weapons with a shield.


Message History

You remove your ring of magical power.
You feel your magic capacity decrease.
You feel less confused.
K - a ring of protection from fire (left hand)
You barely miss the hellephant. The hellephant breathes flames at you.
The blast of flame misses you.
You closely miss the hellephant. The hellephant barely misses you.
The hellephant bites you but does no damage.
The hellephant barely misses you.
You slash the hellephant!
The hellephant is lightly wounded.
The hellephant tramples you!
You are shoved backwards!
You closely miss the hellephant.
The hellephant is lightly wounded.
The hellephant tramples you!!
You hold your ground!
You block the hellephant's attack. The hellephant closely misses you.
You slash the hellephant!
The hellephant is lightly wounded.
You barely miss the hellephant.
The hellephant is lightly wounded.
The hellephant tramples you!!
You hold your ground!
The hellephant bites you but does no damage.
You block the hellephant's attack.
You fade into invisibility!
The hellephant breathes flames at you. The blast of flame hits you!!
You resist.
* * * LOW HITPOINT WARNING * * *
You feel much better. The hellephant tramples you!!
* * * LOW HITPOINT WARNING * * *
You hold your ground!
You block the hellephant's attack. The hellephant gores you.
* * * LOW HITPOINT WARNING * * *
You feel much better. The hellephant closely misses you.
The hellephant bites you. The hellephant gores you.
You feel very mighty all of a sudden. The hellephant tramples you!!
* * * LOW HITPOINT WARNING * * *
You hold your ground!
The hellephant bites you.
You die...
Your body crumbles into a pile of gold.

#.... . . . #
. ##. #. # .
.#.## # ..
#..#
#....##.....#
. .####.# #
###......#
##.#.##... #
#@#...##..#
..
##Y......##
.. ##...##..
###.# ... .#
... #. .#. ..
#..


You could see a hellephant (catching breath).

Vanquished Creatures
  An ogre mage (D:11)
  2 two-headed ogres (D:10)
  4 skeletal warriors
  A wretched star (Abyss:3)
  2 cyclopes
  A kobold demonologist (D:7)
  Maggie (D:8)
  A troll (D:10)
  A hornet (D:8)
  2 wraiths (D:11)
  A wyvern (D:11)
  19 yaks
  A shadow (D:11)
  A golden eye (Abyss:3)
  3 steam dragons
  A vampire mosquito (D:11)
  A water moccasin (D:7)
  Pargi (D:2)
  2 sky beasts
  7 orc warriors
  3 black bears
  4 centaurs
  2 necrophages
  4 ogres
  5 kobold brigands
  2 bullfrogs
  A gnoll sergeant (D:9)
  16 scorpions
  A wyvern skeleton (D:7)
  2 water moccasin skeletons (D:6)
  4 wights (D:9)
  4 killer bees (D:10)
  3 electric eels (D:8)
  3 howler monkeys (D:11)
  4 centaur zombies
  2 gnoll shamans
  A human zombie (Ossuary)
  Crazy Yiuf (D:3)
  2 orc priests
  3 hounds
  Terence (D:3)
  7 orc wizards
  4 iguanas
  4 scorpion zombies (Ossuary)
  3 mummies (Ossuary)
  2 howler monkey zombies
  Robin (D:3)
  9 gnolls
  4 adders
  A shadow imp (D:5)
  A white imp (D:5)
  An ufetubus (D:6)
  An adder skeleton (D:4)
  2 dart slugs
  46 orcs
  4 endoplasms
  3 giant cockroaches
  A gnoll zombie (Ossuary)
  13 goblins
  8 hobgoblins
  20 kobolds
  2 quokkas
  12 ball pythons
  6 bats
  3 frilled lizards
  2 goblin zombies (Ossuary)
  3 hobgoblin zombies (Ossuary)
  6 kobold zombies (Ossuary)
  2 orc zombies (Ossuary)
  8 rats
300 creatures vanquished.

Vanquished Creatures (others)
  63 plants (D:8)
  4 toadstools (D:1)
67 creatures vanquished.

Grand Total: 367 creatures vanquished

Notes
Turn   | Place    | Note
-------+----------+-------------------------------------------
     0 | D:1      | inmateoo the Formicid Fighter began the quest for the Orb.
     0 | D:1      | Reached XP level 1. HP: 18/18 MP: 1/1
   143 | D:1      | Reached XP level 2. HP: 23/24 MP: 2/2
   461 | D:1      | Found Omiebawk's Book Shoppe.
   722 | D:1      | Reached XP level 3. HP: 24/29 MP: 3/3
   924 | D:2      | Noticed an ogre
  1694 | D:3      | Noticed Pargi
  1773 | D:3      | Noticed a sky beast
  1784 | D:3      | Killed a sky beast
  1785 | D:3      | Reached skill level 1 in Long Blades
  1785 | D:3      | Reached XP level 4. HP: 29/37 MP: 4/4
  1785 | D:3      | Reached XP level 5. HP: 33/42 MP: 5/5
  1853 | D:3      | Noticed Robin
  1895 | D:3      | Noticed Terence
  1915 | D:3      | Killed Terence
  1918 | D:3      | Reached skill level 1 in Dodging
  2093 | D:3      | Killed Robin
  2094 | D:3      | Reached XP level 6. HP: 41/48 MP: 6/6
  2753 | D:3      | Found a runed translucent door.
  2754 | D:3      | Noticed Crazy Yiuf
  2763 | D:3      | Killed Crazy Yiuf
  2961 | D:4      | Noticed a black bear
  2970 | D:4      | Killed a black bear
  2971 | D:4      | Reached XP level 7. HP: 53/55 MP: 7/7
  3398 | D:5      | Entered Level 5 of the Dungeon
  3479 | D:5      | Found Omist's Weapon Shop.
  3497 | D:5      | Found a sand-covered staircase.
  3510 | Ossuary  | Entered an ossuary
  3587 | Ossuary  | Reached skill level 5 in Shields
  3587 | Ossuary  | Reached XP level 8. HP: 52/61 MP: 8/8
  3824 | Ossuary  | Reached skill level 5 in Axes
  3890 | Ossuary  | Reached skill level 5 in Fighting
  3898 | Ossuary  | Reached skill level 5 in Armour
  4138 | D:5      | Reached skill level 5 in Long Blades
  4138 | D:5      | Reached XP level 9. HP: 54/68 MP: 9/9
  4357 | D:2      | Killed Pargi
  5571 | D:6      | Noticed a hornet
  5584 | D:6      | a hornet changed into a sky beast
  5643 | D:6      | Found a staircase to the Ecumenical Temple.
  5652 | Temple   | Entered the Ecumenical Temple
  5921 | Temple   | Became a worshipper of Gozag Ym Sagoz the Greedy
  6225 | D:7      | Reached XP level 10. HP: 76/76 MP: 10/10
  6364 | D:7      | Noticed a kobold demonologist
  6403 | D:7      | Killed a kobold demonologist
  6753 | D:8      | Found a flagged portal.
  6762 | Bailey   | Entered a bailey
  7136 | Bailey   | Noticed an orc knight
  7136 | Bailey   | Noticed an orc knight
  7136 | Bailey   | Noticed an orc knight
  7704 | D:8      | Noticed a cyclops
  7711 | D:8      | Killed a cyclops
  7764 | D:8      | Noticed Maggie
  7776 | D:8      | Killed Maggie
  7955 | D:8      | Reached XP level 11. HP: 72/84 MP: 11/11
  8014 | D:8      | Identified the +3 great sword of Hityf {speed, Dex+6}
  9727 | D:10     | Entered Level 10 of the Dungeon
  9741 | D:10     | Reached skill level 5 in Dodging
  9771 | D:10     | Noticed a two-headed ogre
  9782 | D:10     | Killed a two-headed ogre
  9984 | D:10     | Noticed a two-headed ogre
  9990 | D:10     | Killed a two-headed ogre
 10069 | D:10     | Found a basalt altar of Yredelemnul.
 10069 | D:10     | Found a glowing silver altar of Zin.
 10139 | D:10     | Noticed a skeletal warrior
 10139 | D:10     | Noticed a skeletal warrior
 10141 | D:10     | Noticed a skeletal warrior
 10153 | D:10     | Noticed a skeletal warrior
 10439 | D:9      | Killed a skeletal warrior
 10544 | D:8      | Killed a skeletal warrior
 10668 | D:10     | Reached XP level 12. HP: 74/92 MP: 12/12
 11000 | D:10     | Killed a skeletal warrior
 11349 | D:10     | Killed a skeletal warrior
 11645 | D:11     | Reached skill level 10 in Armour
 11798 | D:11     | Found a staircase to the Lair.
 11809 | D:11     | Reached skill level 10 in Axes
 12104 | D:11     | Noticed an ogre mage
 12115 | D:11     | Killed an ogre mage
 12116 | D:11     | Reached skill level 10 in Long Blades
 12144 | D:11     | Cast into level 3 of the Abyss (a wizard)
 12159 | Abyss:3  | Noticed a wretched star
 12175 | Abyss:3  | Killed a wretched star
 12181 | Abyss:3  | Noticed a green very ugly thing
 12181 | Abyss:3  | Noticed a wretched star
 12208 | Abyss:3  | Noticed a hellephant
 12235 | Abyss:3  | HP: 2/91 [hellephant (32)]
 12235 | Abyss:3  | Slain by a hellephant

Illustrated notes

Levels and vault maps discovered:
D:1:      zelgadis_glass_arrival_small, layout_basic, serial_shops, shop,
          minmay_gold_behind_fungi
D:2:      layout_basic
D:3:      layout_basic, minmay_misc_feat_chi, minmay_liquid_box, uniq_terence,
          uniq_pargi, uniq_robin, uniq_crazy_yiuf_cottage
D:4:      layout_cave_pools, serial_glass, glass_columns_a, glass_columns_a
D:5:      layout_loops_ring, serial_shops, shop, chequers_ossuary_entry_cave,
          minmay_manual_mares
D:6:      layout_basic, minmay_temple_entry_poolview, minmay_misc_feat_x,
          chequers_serial_rivers_marsh
D:7:      layout_basic
D:8:      layout_loops_ring, enter_bailey_2, serial_bayou, serial_bayou_shore_b,
          serial_bayou_pond_a, serial_bayou_ford_a, serial_bayou_lagoon_a,
          minivault_21, uniq_maggie
D:9:      layout_loops_corners, hangedman_abyss_or_decor_stabs
D:10:     layout_loops_cross, gammafunk_temple_overflow_wave,
          kennysheep_generic_room_4
D:11:     minmay_the_grid_four_pointed_star
          [minmay_the_grid_triangle_9x9_checkered,
          minmay_the_grid_triangle_9x9_wacky_v,
          minmay_the_grid_triangle_9x9_cache,
          minmay_the_grid_triangle_9x9_sparse_checkered,
          minmay_the_grid_prize_four_corners], layout_basic, david_lair_generic
Temple:   mainiacjoe_temple_big_plus
Abyss:3:  base: D:3, grunt_abyss_rune_wretched_hive, evilmike_abyss_exit_5,
          hangedman_decor_riveting

Skill      XL: |  1  2  3  4  5  6  7  8  9 10 11 12 |
---------------+-------------------------------------+-----
Shields        | 4 5 6 7 8 9 |  9.1
Long Blades    | 1 2 3 5 6 7 9 10 | 10.0
Axes           | 3 4 5 6 8 9 10 | 10.0
Fighting       | 4 5 6 7 8 |  8.5
Dodging        | 1 2 3 4 5 6 |  6.1
Armour         | 4 5 6 8 9 10 | 10.6

Action                   |  1- 3 |  4- 6 |  7- 9 | 10-12 || total
-------------------------+-------+-------+-------+-------++-------
Melee: War axe           |    14 |       |       |       ||    14
       Demon blade       |    57 |   119 |   298 |   267 ||   741
       Whip              |    17 |       |       |       ||    17
       Great sword       |       |       |       |   328 ||   328
 Abil: Dig               |       |       |       |     4 ||     4
Evoke: Wand              |       |       |     8 |     8 ||    16
  Use: Scroll            |       |       |    17 |     5 ||    22
       Potion            |       |       |       |     4 ||     4
 Stab: Distracted        |       |       |       |     3 ||     3
Armor: Scale mail        |    36 |       |       |       ||    36
       Chain mail        |    10 |    78 |   168 |   201 ||   457
Dodge: Dodged            |    39 |    48 |   148 |   244 ||   479
Block: Buckler           |    23 |    33 |    73 |   137 ||   266
